 Dungeon Crawl Stone Soup version 0.23.2-1-ga50397a (webtiles) character file.

Game seed: 2254944464829717667

39 shadizar the Skirmisher (level 3, 0/24 HPs)
             Began as a Gargoyle Fighter on Apr 28, 2019.
             Slain by Terence
             ... wielding a +2 trident of piercing
              (1 damage)
             ... on level 2 of the Dungeon.
             The game lasted 00:01:13 (944 turns).

shadizar the Skirmisher (Gargoyle Fighter)           Turns: 944, Time: 00:01:13

Health: 0/24       AC: 10    Str: 20    XL:     3   Next: 45%
Magic:  3/3        EV:  7    Int:  8    God:
Gold:   72         SH:  9    Dex:  9    Spells: 2/2 levels left

rFire    . . .     SeeInvis .   a - +0 flail
rCold    . . .     Gourm    .   c - +0 shield
rNeg     + . .     Faith    .   b - +0 scale mail
rPois    ∞         Spirit   .   (no helmet)
rElec    +         Reflect  .   (no cloak)
rCorr    .         Harm     .   (no gloves)
MR       .....                  (no boots)
Stlth    ..........             (no amulet)
HPRegen  0.08/turn              (no ring)
MPRegen  0.08/turn              (no ring)

@: no status effects
A: negative energy resistance 1, electricity resistance, unbreathing,
petrification resistance, rot immunity, AC +3
a: no special abilities


You were on level 2 of the Dungeon.
You were not hungry.

You visited 1 branch of the dungeon, and saw 2 of its levels.

You collected 72 gold pieces.

Inventory:

Hand Weapons
 a - a +0 flail (weapon)
Armour
 b - a +0 scale mail (worn)
 c - a +0 shield (worn)
Jewellery
 m - an uncursed ring of wizardry {unknown}
Scrolls
 g - 2 scrolls of noise {unknown}
 i - 3 scrolls of enchant weapon {unknown}
 k - 3 scrolls of teleportation {unknown}
 l - a scroll of identify {unknown}
 n - a scroll of magic mapping {unknown}
Potions
 d - 3 potions of might
 e - a potion of heal wounds {unknown}
 h - a potion of lignification {unknown}
 j - 2 potions of curing {unknown}
Comestibles
 f - a ration
 o - 2 chunks of flesh


   Skills:
 * Level 3.9 Fighting
 + Level 2.3 Maces & Flails
 + Level 3.5 Armour
 + Level 0.8 Dodging
 + Level 3.5 Shields


You had 2 spell levels left.
You didn't know any spells.
Your spell library was empty.

Dungeon Overview and Level Annotations

Branches:
Dungeon (2/15)

Altars:
Ashenzari
Kikubaaqudgha
Trog

Annotations:
D:2 Terence


Innate Abilities, Weirdness & Mutations

You are resistant to torment.
Your stone body is resilient. (AC +3)
You are immune to poison.
You resist negative energy. (rN+)
You are resistant to electric shocks. (rElec)
You can survive without breathing.
You are immune to petrification.
You are immune to rotting.


Message History

Terence closely misses you. x2
You barely miss Terence.
Terence is heavily wounded.
Terence hits you but does no damage.
You hit Terence.
Terence is heavily wounded.
Terence barely misses you.
You hit Terence but do no damage.
Terence is heavily wounded.
Terence hits you but does no damage.
Your shield and scale mail prevent you from hitting Terence.
Terence is heavily wounded.
Terence hits you with a +2 trident of piercing. x2
* * * LOW HITPOINT WARNING * * *
x2 Your shield and scale mail prevent you from hitting Terence.
Terence is heavily wounded.
A kobold comes into view. It is wielding a +0 short sword.
Terence hits you with a +2 trident of piercing.
* * * LOW HITPOINT WARNING * * *
You die...

############
#######..
...........###...K..
#...#...#..#.....#
.........._#....@#
#...#...#..#....@#
...........#.....###
############.......#
#....##.#..#####<..#
##......#.## .....#
####.###..#.# ....#
#....# ##...# ....#
..#### ##..# ...#
.## #..# .###


You could see Terence and a kobold (wandering).

Vanquished Creatures
  An ooze (D:1)
  A worm (D:2)
  A leopard gecko (D:1)
  2 giant cockroaches (D:1)
  4 hobgoblins
  2 quokkas (D:2)
  3 ball pythons (D:2)
  2 bats (D:1)
  5 frilled lizards
  2 goblins
  2 kobolds
  8 rats
33 creatures vanquished.

Notes
Turn   | Place    | Note
-------+----------+-------------------------------------------
     0 | D:1      | shadizar the Gargoyle Fighter began the quest for the Orb.
     0 | D:1      | Reached XP level 1. HP: 14/14 MP: 1/1
   146 | D:1      | Reached XP level 2. HP: 19/19 MP: 2/2
   548 | D:2      | Found an ancient bone altar of Kikubaaqudgha.
   648 | D:2      | Reached XP level 3. HP: 23/24 MP: 3/3
   733 | D:2      | Found a shattered altar of Ashenzari.
   794 | D:2      | Noticed a moth of wrath
   796 | D:2      | Found a bloodstained altar of Trog.
   934 | D:2      | Noticed Terence
   944 | D:2      | HP: 1/24 [Terence/+2 trident of piercing (4)]
   944 | D:2      | Slain by Terence

Action                   || total
-------------------------++-------
Melee: Flail             ||   133
Armor: Scale mail        ||    74
Dodge: Dodged            ||    48
Block: Shield            ||    72
